 Dungeon Crawl Stone Soup version 0.27-b1-42-g19c61b19a5 (webtiles) character file.

Game seed: 16981373188437851092

22 hawla the Sneak (level 2, -1/18 HPs)
             Began as a Deep Elf Delver on July 29, 2021.
             Was an Initiate of Vehumet.
             Slain by a killer bee zombie (2 damage)
             ... on level 4 of the Dungeon.
             The game lasted 00:03:52 (520 turns).

hawla the Sneak (Deep Elf Delver)                    Turns: 520, Time: 00:03:52

Health: -1/18      AC:  3    Str:  9    XL:     2   Next: 68%
Magic:  4/4        EV: 12    Int: 14    God:    Vehumet [......]
Gold:   20         SH:  0    Dex: 16    Spells: 1/1 levels left

rFire    . . .     SeeInvis .   a - +0 short sword
rCold    . . .     Faith    .   (no shield)
rNeg     . . .     Spirit   .   b - +0 leather armour
rPois    .         Reflect  .   (no helmet)
rElec    .         Harm     .   (no cloak)
rCorr    .         Rampage  .   (no gloves)
Will     .....                  (no boots)
Stlth    +++.......             (no amulet)
HPRegen  0.06/turn              (no ring)
MPRegen  0.09/turn              (no ring)

@: no status effects
A: no striking features
a: Renounce Religion


You were on level 4 of the Dungeon.
You worshipped Vehumet.
Vehumet was noncommittal.
You visited 1 branch of the dungeon, and saw 2 of its levels.

You collected 20 gold pieces.

Inventory:

Hand Weapons
 a - a +0 short sword (weapon)
Missiles
 c - 4 boomerangs (quivered)
Armour
 b - a +0 leather armour (worn)
Wands
 g - a wand of digging (2)
Scrolls
 d - a scroll of magic mapping


   Skills:
 + Level 2.5 Fighting
 + Level 2.1 Short Blades
 + Level 0.3 Throwing
 + Level 2.4 Dodging
 + Level 6.5 Stealth
 * Level 0.9 Necromancy


You had one spell level left.
You didn't know any spells.
Your spell library contained the following spells:

 Spells                   Type           Power      Damage    Failure   Level
 Animate Dead             Necr           1%         N/A       96%         4
 Haunt                    Necr/Summ      0%         N/A       100%        7
 Infestation              Necr           1%         N/A       100%        8


Dungeon Overview and Level Annotations

Branches:
Dungeon (5/15)
 Temple: D:4-7

Altars:
Dithmenos
Uskayaw
Vehumet
Yredelemnul
The Shining One


Message History

The killer bee zombie is heavily damaged.
The killer bee zombie hits you.
You are too injured to fight recklessly!
You barely miss the killer bee zombie.
The killer bee zombie is heavily damaged.
The killer bee zombie misses you. x2
Throw: 3 javelins
Press: ? - help, Q - select action, (/) - cycle Shift-Dir - straight line, f - killer bee zombie
Aim: a killer bee zombie (heavily damaged, 50% to hit)
You throw a javelin.
The javelin pierces through the killer bee zombie but does no damage.
The killer bee zombie is heavily damaged.
The killer bee zombie barely misses you. x2
The killer bee zombie hits you.
* * * LOW HITPOINT WARNING * * *
Throw: 2 javelins
Press: ? - help, Q - select action, (/) - cycle Shift-Dir - straight line, f/p - killer bee zombie
Aim: a killer bee zombie (heavily damaged, 50% to hit)
You throw a javelin.
The javelin barely misses the killer bee zombie.
The killer bee zombie barely misses you.
The killer bee zombie hits you.
* * * LOW HITPOINT WARNING * * *
Throw: javelin
Press: ? - help, Q - select action, (/) - cycle Shift-Dir - straight line, f/p - killer bee zombie
Aim: a killer bee zombie (heavily damaged, 50% to hit)
You throw a javelin.
The javelin closely misses the killer bee zombie.
The killer bee zombie barely misses you.
The killer bee zombie hits you.
* * * LOW HITPOINT WARNING * * *
The killer bee zombie hits you but does no damage.
You aren't carrying any potions.
The killer bee zombie hits you but does no damage.
As you read the scroll labelled AHUETE VIANOU, it crumbles to dust.
You hear a loud clanging noise!
It was a scroll of noise.
You hear a shout!
You hear a bark!
You hear a shout!
The killer bee zombie hits you.
You die...

#...##.#.##...
#......#.....##
#..##.....#...
#..#...##.#.## #
#............#.#
##.#...#.......
#.##.##.#...#
#.......##.##.#
#####.#@Z....(#
#.######### #.#
#.. ###


You could see a killer bee zombie.

Vanquished Creatures
  An adder (D:4)
  An ufetubus (D:4)
  2 orcs (D:4)
  3 goblins (D:4)
7 creatures vanquished.

Notes
Turn   | Place    | Note
-------+----------+-------------------------------------------
     0 | D:5      | hawla the Deep Elf Delver began the quest for the Orb.
     0 | D:5      | Reached XP level 1. HP: 13/13 MP: 3/3
     1 | D:5      | Noticed a hound
     3 | D:5      | Noticed a necrophage
    41 | D:4      | Found a hide-covered altar of Uskayaw.
    41 | D:4      | Found a radiant altar of Vehumet.
    41 | D:4      | Found a basalt altar of Yredelemnul.
    41 | D:4      | Found a glowing golden altar of the Shining One.
    44 | D:4      | Found a shadowy altar of Dithmenos.
    48 | D:4      | Became a worshipper of Vehumet
    62 | D:4      | Reached XP level 2. HP: 18/18 MP: 4/4
   520 | D:4      | Slain by a killer bee zombie

Illustrated notes

Levels and vault maps discovered:
D:4:      layout_rooms, nicolae_overflow_hidden_temple, serial_co_window_serial,
          co_window_paths_a, co_window_paths_b, co_window_paths_a,
          co_window_of_opportunity_a, co_window_paths_b, co_window_paths_c,
          co_window_unsneaky_path_e, co_window_of_opportunity_b,
          co_window_broadway_c, glass_columns_b, glass_columns_a,
          glass_columns_a, glass_columns_b, hangedman_decor_clover_reticule,
          st_stairs_12
D:5:      layout_rooms, minmay_small_thing

Action                   || total
-------------------------++-------
Melee: Short sword       ||    31
Throw: Javelin           ||    13
Evoke: Wand              ||     1
  Use: Scroll            ||     3
       Potion            ||     1
 Stab: Sleeping          ||     1
Armor: Leather armour    ||     8
Dodge: Dodged            ||    39
